 Dungeon Crawl Stone Soup version 0.26-a0-438-g4b1dca4f87 (webtiles) character file.

Game seed: 5260397101527463936

6653 ReteAZ the Spear-Bearer (level 11, -4/86 HPs)
             Began as a Merfolk Gladiator on July 26, 2020.
             Was a Follower of Uskayaw.
             Slain by Joseph
             ... wielding a cursed -1 hunting sling
              (13 damage)
             ... on level 10 of the Dungeon.
             The game lasted 00:26:29 (13928 turns).

ReteAZ the Spear-Bearer (Merfolk Gladiator)        Turns: 13928, Time: 00:26:29

Health: -4/86      AC: 13    Str: 17    XL:     11   Next: 3%
Magic:  11/14      EV: 19    Int:  7    God:    Uskayaw [*.....]
Gold:   575        SH:  0    Dex: 17    Spells: 10/10 levels left

rFire    + . .     SeeInvis .   a - +0 trident
rCold    . . .     Faith    .   (no shield)
rNeg     . . .     Spirit   .   B - +2 leather armour {rF+}
rPois    .         Reflect  .   c - +0 helmet
rElec    .         Harm     .   u - +0 cloak
rCorr    .                      K - +1 pair of gloves (curse)
MR       .....                  (no boots)
Stlth    ++........             (no amulet)
HPRegen  0.24/turn              G - ring of stealth
MPRegen  0.14/turn              P - +4 ring of protection

@: no status effects
A: change form in water, swift swim, stealthy swim
a: Stomp, Renounce Religion


You were on level 10 of the Dungeon.
You worshipped Uskayaw.
Uskayaw was noncommittal.
You visited 1 branch of the dungeon, and saw 13 of its levels.

You collected 575 gold pieces.

Inventory:

Hand Weapons
 a - a +0 trident (weapon)
 x - a +2 whip of freezing
Missiles
 d - 3 throwing nets
 I - 24 poisoned darts (quivered)
 O - 2 silver boomerangs
Armour
 c - a +0 helmet (worn)
 u - a +0 cloak (worn)
 B - a +2 leather armour of fire resistance (worn)
 K - a cursed +1 pair of gloves (worn)
Jewellery
 G - a ring of stealth (left hand)
 P - a +4 ring of protection (right hand)
Wands
 b - a wand of iceblast (6)
 A - a wand of digging (2)
 E - a wand of disintegration (6)
Scrolls
 e - 9 scrolls of identify
 g - 6 scrolls of remove curse
 h - a scroll of immolation
 p - 3 scrolls of enchant armour
 q - 3 scrolls of fear
 r - 5 scrolls of fog
 s - a scroll of torment {unknown}
 v - 2 scrolls of random uselessness {unknown}
 w - 2 scrolls of enchant weapon {unknown}
 y - a scroll of holy word {unknown}
 C - 8 scrolls of teleportation {unknown}
 F - 2 scrolls of amnesia {unknown}
 H - a scroll of magic mapping {unknown}
 L - a scroll of brand weapon {unknown}
 N - a scroll of vulnerability {unknown}
Potions
 f - a potion of flight
 i - a potion of haste {unknown}
 j - a potion of ambrosia {unknown}
 k - 3 potions of heal wounds
 l - a potion of lignification {unknown}
 m - a potion of mutation {unknown}
 n - 2 potions of resistance {unknown}
 o - 2 potions of might {unknown}
 t - 3 potions of curing
 z - a potion of brilliance
 D - 3 potions of stabbing {unknown}
 M - a potion of invisibility {unknown}


   Skills:
 - Level 8.0 Fighting
 - Level 14.0 Polearms
 - Level 8.0 Throwing
 - Level 10.0 Dodging
 + Level 4.4 Invocations


You had 10 spell levels left.
You didn't know any spells.
Your spell library contained the following spells:

 Spells                   Type           Power        Failure   Level
 Magic Dart               Conj           #...         50%         1
 Blink                    Tloc           N/A          65%         2
 Call Imp                 Summ           #.......     65%         2
 Searing Ray              Conj           #.....       65%         2
 Slow                     Hex            #.......     65%         2
 Conjure Flame            Conj/Fire      #.......     86%         3
 Dazzling Flash           Conj/Hex       #.....       86%         3
 Mephitic Cloud           Conj/Pois/Air  #.......     86%         3
 Fulminant Prism          Conj/Hex       #.........   99%         4
 Iskenderun's Mystic Bla  Conj/Tloc      #.......     99%         4


Dungeon Overview and Level Annotations

Branches:
Dungeon (13/15)            Temple (0/1) D:6            Lair (0/6) D:9
    Orc (0/2) D:10
 Vaults: D:13-14

Altars:
Cheibriados
Dithmenos
Elyvilon
Fedhas
Okawaru
Sif Muna
Uskayaw
Vehumet
Zin

Shops:
D:9 :

Annotations:
D:2 1 runed translucent door, Crazy Yiuf
D:6 5 exclusions
D:10 Joseph
D:12 Erolcha, Nessos


Message History

Joseph is blasted!
Joseph zaps a wand.
You struggle to resist.
You can now stomp with the beat.
Evoke which item? (* to show all) (? for menu, Esc to quit)
Aiming: Disintegrate
Press: ? - help, Shift-Dir - straight line, f/p - Joseph
Aim: Joseph, wielding a -1 hunting sling, wearing a +0 leather armour, quivering 14 sling bullets and carrying a wand of disintegration (13) (severely wounded, very poisoned, chance to defeat MR: 48%) Joseph resists with some effort.
Joseph misses you.
Evoke which item? (* to show all) (? for menu, Esc to quit)
Aiming: Disintegrate
Press: ? - help, Shift-Dir - straight line, f/p - Joseph
Aim: Joseph, wielding a -1 hunting sling, wearing a +0 leather armour, quivering 14 sling bullets and carrying a wand of disintegration (13) (severely wounded, very poisoned, chance to defeat MR: 48%) Joseph resists with some effort.
Joseph zaps a wand.
You are blasted!
* * * LOW HITPOINT WARNING * * *
Evoke which item? (* to show all) (? for menu, Esc to quit)
Aiming: Disintegrate
Press: ? - help, Shift-Dir - straight line, f/p - Joseph
Aim: Joseph, wielding a -1 hunting sling, wearing a +0 leather armour, quivering 14 sling bullets and carrying a wand of disintegration (12) (almost dead, very poisoned, chance to defeat MR: 48%) Joseph is blasted!
Joseph hits you with a cursed -1 hunting sling!
You die...

..........# ..................
..........#.....(................
...########.....................>
...# ..!......................
...# .........................
...# ........................
...########...................[..
..........#.....@...<............
..........#.....@................
..........#....(.................
..........#......................
..........#......................
####......#......................
..........#......................
..........#.((...................
..........#......................
...#......#......................


You could see Joseph (very poisoned).

Vanquished Creatures
  A troll (D:10)
  Prince Ribbit (D:5)
  A hippogriff (D:8)
  2 shadows
  5 yaks
  Grum (D:10)
  A basilisk (D:12)
  A black bear (D:9)
  3 ice beasts
  3 orc warriors
  2 necrophages
  4 ogres
  A phantom (D:8)
  4 wolves (D:10)
  6 centaurs
  A big kobold (D:8)
  2 bullfrogs (D:9)
  7 scorpions
  A wyvern skeleton (D:9)
  9 killer bees
  2 howler monkeys
  A centaur zombie (D:6)
  A jelly (D:9)
  6 orc wizards
  10 orc priests
  2 bullfrog skeletons
  11 hounds
  A gnoll shaman (D:7)
  A centaur skeleton (D:9)
  2 iguanas
  6 worker ants
  A killer bee zombie (D:8)
  A hound zombie (D:9)
  A worker ant zombie (D:9)
  10 gnolls
  12 adders
  3 shadow imps
  4 white imps
  An ufetubus (D:5)
  An adder zombie (D:6)
  An adder skeleton (D:7)
  3 worms
  2 dart slugs (D:2)
  6 leopard geckos
  45 orcs
  5 giant cockroaches
  7 goblins
  9 hobgoblins
  2 jackals (D:3)
  12 kobolds
  5 quokkas
  3 ball pythons
  5 bats
  9 frilled lizards
  2 jackal skeletons
  2 leopard gecko skeletons
  A leopard gecko zombie (D:5)
  8 rats
260 creatures vanquished.

Notes
Turn   | Place    | Note
-------+----------+-------------------------------------------
     0 | D:1      | ReteAZ the Merfolk Gladiator began the quest for the Orb.
     0 | D:1      | Reached XP level 1. HP: 16/16 MP: 1/1
     0 | D:1      | Noticed an ogre
     0 | D:1      | Noticed a spriggan
     2 | D:1      | Noticed a felid
     4 | D:1      | Noticed a spriggan
     5 | D:1      | Noticed a vampire
     6 | D:1      | Noticed a vine stalker
     7 | D:1      | Noticed an elf
     8 | D:1      | Noticed a troll
    10 | D:1      | Noticed a centaur
    10 | D:1      | Noticed a ghoul
    12 | D:1      | Noticed a troll
    12 | D:1      | Noticed a human
    14 | D:1      | Noticed a troll
    14 | D:1      | Noticed a felid
    14 | D:1      | Noticed a centaur
    16 | D:1      | Noticed a naga
    16 | D:1      | Noticed a ghoul
    18 | D:1      | Noticed a minotaur
    20 | D:1      | Noticed a human
    65 | D:1      | Reached skill level 5 in Polearms
    65 | D:1      | Reached XP level 2. HP: 3/22 MP: 2/2
   675 | D:1      | Reached skill level 6 in Polearms
   675 | D:1      | Reached XP level 3. HP: 27/27 MP: 3/3
  1217 | D:2      | Reached XP level 4. HP: 33/33 MP: 4/4
  1224 | D:2      | Reached skill level 7 in Polearms
  1355 | D:2      | Found a white marble altar of Elyvilon.
  1407 | D:2      | Found a shadowy altar of Dithmenos.
  1547 | D:2      | Found a runed translucent door.
  1548 | D:2      | Noticed Crazy Yiuf
  2111 | D:2      | Found an iron altar of Okawaru.
  2388 | D:3      | Noticed an ogre
  2394 | D:3      | Killed an ogre
  2394 | D:3      | Reached skill level 9 in Polearms
  2394 | D:3      | Reached XP level 5. HP: 36/38 MP: 5/5
  2564 | D:3      | Reached XP level 6. HP: 16/44 MP: 6/6
  3168 | D:3      | Reached skill level 10 in Polearms
  3720 | D:4      | Reached XP level 7. HP: 50/50 MP: 7/7
  3729 | D:4      | Reached skill level 11 in Polearms
  3984 | D:5      | Entered Level 5 of the Dungeon
  4109 | D:5      | Noticed Prince Ribbit
  4637 | D:5      | Reached skill level 12 in Polearms
  4947 | D:5      | Found a white marble altar of Elyvilon.
  5065 | D:5      | Killed Prince Ribbit
  5065 | D:5      | Reached skill level 13 in Polearms
  5065 | D:5      | Reached XP level 8. HP: 39/56 MP: 8/8
  5608 | D:5      | Found a snail-covered altar of Cheibriados.
  6152 | D:6      | Reached skill level 14 in Polearms
  6504 | D:6      | Found a hide-covered altar of Uskayaw.
  6510 | D:6      | Became a worshipper of Uskayaw the Reveler
  6514 | D:6      | Found a blossoming altar of Fedhas.
  6517 | D:6      | Found a shimmering blue altar of Sif Muna.
  6587 | D:6      | Reached * piety under Uskayaw
  6741 | D:6      | Reached ** piety under Uskayaw
  7165 | D:6      | Reached skill level 5 in Dodging
  7229 | D:6      | Found a staircase to the Ecumenical Temple.
  7455 | D:6      | Reached XP level 9. HP: 36/65 MP: 9/9
  8887 | D:6      | Reached *** piety under Uskayaw
  9037 | D:7      | Reached skill level 5 in Fighting
  9236 | D:7      | Found a radiant altar of Vehumet.
  9794 | D:8      | Reached skill level 5 in Throwing
  9795 | D:8      | Reached **** piety under Uskayaw
 10388 | D:8      | Found a glowing silver altar of Zin.
 10496 | D:8      | Reached XP level 10. HP: 58/77 MP: 10/10
 11418 | D:9      | Found a staircase to the Lair.
 11818 | D:9      | Found a snail-covered altar of Cheibriados.
 11940 | D:9      | Found Hurr's Book Emporium.
 12353 | D:10     | Entered Level 10 of the Dungeon
 12368 | D:10     | Found a staircase to the Orcish Mines.
 12662 | D:10     | You fall into a shaft and drop 3 floors!
 12782 | D:12     | Noticed Nessos
 12938 | D:12     | Reached skill level 10 in Dodging
 12938 | D:12     | Reached skill level 1 in Invocations
 13271 | D:12     | Noticed Erolcha
 13608 | D:10     | Noticed Grum
 13634 | D:10     | Reached ***** piety under Uskayaw
 13637 | D:10     | Killed Grum
 13637 | D:10     | Reached XP level 11. HP: 64/86 MP: 12/14
 13905 | D:10     | Noticed Joseph
 13928 | D:10     | Slain by Joseph

Illustrated notes

Levels and vault maps discovered:
D:1:      shiori_arrival_whats_in_store_for_you, layout_loops_ring
D:2:      minmay_evil_eye, layout_basic, nicolae_overflow_crystal_walls,
          elyvilon_altar_1, lemuel_round_altar, uniq_crazy_yiuf_cottage
D:3:      layout_rooms
D:4:      layout_rooms
D:5:      layout_basic, lemuel_round_altar, basic_altar, serial_bayou_pond_a,
          uniq_prince_ribbit1
D:6:      nicolae_whirlpool, layout_basic, grunt_temple_overflow_diamond,
          minmay_temple_entry_statues_pillars, wad_floor_pattern_untrapped
D:7:      layout_loops_ring, lemuel_coloured_pillars_altar
D:8:      layout_loops_ring, kennysheep_mini
D:9:      minmay_recursive_quarters, layout_irregular_city, lair_entry_dummy,
          serial_shops, nicolae_shop_window_shopping, cheibrodos_worm_habitat
D:10:     layout_grid_maze, orc_0_dummy, minmay_fire_ice_demons, uniq_joseph,
          uniq_grum
D:11:     minmay_blocky_corners, layout_rooms, serial_undead, serial_undead_e,
          serial_undead_e, serial_undead_c, serial_undead_c
D:12:     layout_loops_ring, uniq_nessos, uniq_erolcha
D:13:     layout_roguey, serial_shops, shop

Skill      XL: |  1  2  3  4  5  6  7  8  9 10 |
---------------+-------------------------------+-----
Polearms       | 5 6 9 10 13 14 | 14.0
Fighting       | 3 6 8 |  8.0
Throwing       | 3 5 8 |  8.0
Dodging        | 5 8 10 | 10.0
Invocations    | 4 |  4.4

Action                   |  1- 3 |  4- 6 |  7- 9 | 10-12 || total
-------------------------+-------+-------+-------+-------++-------
Melee: Trident           |    85 |   191 |   481 |   292 ||  1049
Throw: Throwing net      |     1 |     1 |       |       ||     2
       Dart              |       |    27 |   118 |    66 ||   211
Invok: Stomp             |       |       |       |     1 ||     1
Evoke: Wand              |       |     3 |    14 |    10 ||    27
  Use: Potion            |       |       |     2 |     1 ||     3
       Scroll            |       |       |     2 |     5 ||     7
 Stab: Held in net/web   |     1 |       |       |       ||     1
       Sleeping          |     2 |       |    11 |    11 ||    24
       Paralysed         |       |     2 |     3 |     6 ||    11
       Distracted        |       |       |     1 |       ||     1
Armor: Leather armour    |    13 |       |    38 |    38 ||    89
       Ring mail         |       |    49 |    19 |       ||    68
       Skin              |       |       |     4 |       ||     4
Dodge: Dodged            |    38 |   102 |   220 |   170 ||   530

Table legend: (Time is in decaauts)
 A = Elapsed time spent in this place.
 B = Non-inter-level travel time spent in this place.
 C = Inter-level travel time spent in this place.
 D = Time resting spent in this place.
 E = Time spent auto-exploring this place.
 F = Levels seen in this place.
 G = Mean time per level.
                   A        B        C        D        E       F      G
               +--------+--------+--------+--------+--------+-----+--------+
         Total |  13558 |  13194 |    364 |   3746 |   6835 |  13 | 1042.9 |
       Dungeon |  13558 |  13194 |    364 |   3746 |   6835 |  13 | 1042.9 |
               +--------+--------+--------+--------+--------+-----+--------+

Top non-repeatable levels by time:
     D:6: 2015 daAuts
     D:5: 1922 daAuts
     D:7: 1373 daAuts
     D:9: 1331 daAuts
     D:2: 1225 daAuts
     D:8: 1127 daAuts
     D:3: 1125 daAuts
     D:1: 1098 daAuts
     D:4: 823 daAuts
    D:10: 784 daAuts
    D:12: 647 daAuts
    D:13: 72 daAuts
    D:11: 11 daAuts
